 Dungeon Crawl Stone Soup version 0.29-a0-541-gaf1fc19f1b (webtiles) character file.

Game seed: 1838686434302921891

18 Hubjo the Firebug (level 2, -2/16 HPs)
             Began as a Deep Elf Fire Elementalist on June 2, 2022.
             Was a Follower of Qazlal.
             Slain by a quokka (3 damage)
             ... on level 1 of the Dungeon.
             The game lasted 00:00:44 (1220 turns).

Hubjo the Firebug (Deep Elf Fire Elementalist)      Turns: 1220, Time: 00:00:44

Health: -2/16      AC:  2    Str:  5    XL:     2   Next: 48%
Magic:  8/8        EV: 12    Int: 19    God:    Qazlal [*.....]
Gold:   32         SH:  1    Dex: 15    Spells: 6/7 levels left

rFire   . . .      SeeInvis .   (no weapon)
rCold   . . .      Faith    .   (no shield)
rNeg    . . .      Spirit   .   a - +0 robe
rPois   .          Reflect  .   (no helmet)
rElec   .          Harm     .   (no cloak)
rCorr   .          Rampage  .   (no gloves)
Will    .....                   (no boots)
Stlth   ++........              (no amulet)
HPRegen 0.05/turn               (no ring)
MPRegen 0.11/turn               (no ring)

@: no status effects
A: no striking features
a: Renounce Religion


You were on level 1 of the Dungeon.
You worshipped Qazlal.
Qazlal was aware of your devotion.
You visited 1 branch of the dungeon, and saw 1 of its levels.

You collected 32 gold pieces.

Inventory:

Armour
 a - a +0 robe (worn)
Jewellery
 g - a ring of flight
Scrolls
 d - a scroll of teleportation {unknown}
 f - a scroll of silence {unknown}
 k - 2 scrolls of identify {unknown}
 l - a scroll of torment {unknown}
Potions
 b - a potion of magic
 c - 2 potions of invisibility {unknown}
 e - a potion of might {unknown}
 h - 2 potions of curing {unknown}
 i - a potion of mutation {unknown}
 j - a potion of lignification {unknown}


   Skills:
 * Level 1.0 Fighting
 - Level 2.4 Dodging
 + Level 2.8 Stealth
 + Level 3.3 Spellcasting
 - Level 1.1 Conjurations
 + Level 3.5 Fire Magic


You had 6 spell levels left.
You knew the following spells:

 Your Spells              Type           Power      Damage    Failure   Level
a - Foxfire               Conj/Fire      44%        2x1d6     6%          1

Your spell library contained the following spells:

 Spells                   Type           Power      Damage    Failure   Level
 Scorch                   Fire           32%        2d6       5%          2
 Necrotize                Necr           12%        1d4       16%         1
 Conjure Flame            Conj/Fire      11%        6-21      17%         3
 Inner Flame              Hex/Fire       9%         N/A       22%         3
 Vampiric Draining        Necr           3%         2d6       41%         3
 Flame Wave               Conj/Fire      11%        2d5       50%         4
 Agony                    Necr           3%         N/A       99%         5


Dungeon Overview and Level Annotations

Branches:
Dungeon (1/15)

Altars:
Qazlal


Message History

Uppercase [Y]es or [N]o only, please.
You cannot tell which god this altar belongs to.
Convert to them anyway?
Qazlal accepts your prayer! Qazlal welcomes you!
Qazlal grants you and your divine allies immunity to clouds.
You are now surrounded by a storm.
You open the door.
Found a stone staircase leading down.
There is an open door here.
You open the door.
There is an open door here.
A quokka comes into view.
A quokka is nearby!
The quokka closely misses you. You block the quokka's attack.
The quokka closely misses you. The quokka misses you. The quokka bites you.
The quokka barely misses you.
The quokka bites you but does no damage.
The quokka barely misses you. The quokka closely misses you.
The quokka misses you. x2
The quokka bites you. The quokka barely misses you.
The quokka barely misses you. The quokka barely misses you.
The quokka closely misses you. The quokka bites you.
The quokka closely misses you. The quokka bites you. The quokka misses you.
The quokka closely misses you. The quokka barely misses you.
The quokka bites you but does no damage.
The quokka bites you. The quokka bites you.
* * * LOW HITPOINT WARNING * * *
The quokka barely misses you.
The quokka bites you but does no damage.
The quokka closely misses you. The quokka bites you.
You die...

#### #.. ##.## ##...##
######.....#
......r@○.# ..######.##
#.# # #.# .. ##'## #.#
##...## #.### ##...>.##
#.#.## ##.......#
#####....####.........#


You could see a quokka.

Vanquished Creatures
  A dart slug (D:1)
  2 goblins (D:1)
  3 hobgoblins (D:1)
  4 jackals (D:1)
  A ball python (D:1)
  A bat (D:1)
  A frilled lizard (D:1)
  A kobold (D:1)
14 creatures vanquished.

Vanquished Creatures (others)
  52 foxfires (D:1)
52 creatures vanquished.

Grand Total: 66 creatures vanquished

Notes
Turn   | Place    | Note
-------+----------+-------------------------------------------
     0 | D:1      | Hubjo the Deep Elf Fire Elementalist began the quest for
                  | the Orb.
     0 | D:1      | Reached XP level 1. HP: 10/10 MP: 6/6
   379 | D:1      | Reached XP level 2. HP: 16/16 MP: 0/8
   884 | D:1      | Reached skill level 1 in Fighting
  1080 | D:1      | Found a faded altar of an unknown god.
  1150 | D:1      | Prayed at the altar of an unknown god.
  1150 | D:1      | Became a worshipper of Qazlal Stormbringer
  1150 | D:1      | Reached * piety under Qazlal
  1220 | D:1      | Slain by a quokka

Illustrated notes

Levels and vault maps discovered:
D:1:      lightli_arrival_farm, layout_loops_corners,
          ebering_ecumenical_altar_ruins, serial_park_tiny_pond,
          hangedman_abyss_or_decor_stabs

Skill      XL: |  1  2 |
---------------+-------+-----
Fighting       | 1 |  1.0
Dodging        | |  2.4
Stealth        | |  2.8
Spellcasting   | |  3.3
Conjurations   | |  1.1
Fire Magic     | |  3.5

Action                   || total
-------------------------++-------
Melee: Unarmed           ||     1
 Cast: Foxfire           ||    35
Armor: Robe              ||     4
Dodge: Dodged            ||    27
Block: Other             ||     1

Table legend: (Time is in decaauts)
 A = Elapsed time spent in this place.
 B = Non-inter-level travel time spent in this place.
 C = Inter-level travel time spent in this place.
 D = Time resting spent in this place.
 E = Time spent auto-exploring this place.
 F = Levels seen in this place.
 G = Mean time per level.
                   A        B        C        D        E       F      G
               +--------+--------+--------+--------+--------+-----+--------+
         Total |   1220 |   1203 |     17 |      0 |   1076 |   1 | 1220.0 |
       Dungeon |   1220 |   1203 |     17 |      0 |   1076 |   1 | 1220.0 |
               +--------+--------+--------+--------+--------+-----+--------+

Top non-repeatable levels by time:
     D:1: 1220 daAuts
